 Dungeon Crawl Stone Soup version 0.29.0-5-ge4962eb29e (webtiles) character file.

Game seed: 14583555530038226987

217 ImASeal the Shield-Bearer (level 5, -8/53 HPs)
             Began as a Troll Fighter on Aug 29, 2022.
             Splashed by a jelly's acid (9 damage)
             ... on level 8 of the Dungeon.
             The game lasted 00:08:06 (2611 turns).

ImASeal the Shield-Bearer (Troll Fighter)           Turns: 2611, Time: 00:08:12

Health: -8/53      AC: -4    Str: 26    XL:     5   Next: 61%
Magic:  4/4        EV:  9    Int:  4    God:
Gold:   204        SH:  7    Dex:  9    Spells: 4/4 levels left

rFire   . . .      SeeInvis .   a - +0 flail
rCold   . . .      Faith    .   c - +0 kite shield
rNeg    . . .      Spirit   .   b - +0 robe
rPois   .          Reflect  .   (helmet restricted)
rElec   .          Harm     .   (no cloak)
rCorr   .          Rampage  .   (gloves unavailable)
Will    .....                   (boots unavailable)
Stlth   +.........              (no amulet)
HPRegen 0.97/turn               (no ring)
MPRegen 0.09/turn               (no ring)

@: corroded
A: large, unfitting armour, claws 3, regeneration 1, shaggy fur 1, tough skin 1
a: no special abilities


You were on level 8 of the Dungeon.
You visited 1 branch of the dungeon, and saw 7 of its levels.

You collected 204 gold pieces.

Inventory:

Hand Weapons
 a - a +0 flail (weapon)
 r - a +0 halberd
Missiles
 h - 20 stones (quivered)
 q - 7 poisoned darts
 s - a throwing net
Armour
 b - a +0 robe (worn)
 c - a +0 kite shield (worn)
Scrolls
 e - 2 scrolls of identify
 g - 3 scrolls of fear
 k - 4 scrolls of teleportation {unknown}
 l - 4 scrolls of magic mapping {unknown}
 n - 2 scrolls of poison {unknown}
 p - a scroll of noise {unknown}
Potions
 d - a potion of might
 f - 2 potions of brilliance
 i - a potion of attraction {unknown}
 j - 3 potions of curing {unknown}
 m - a potion of haste {unknown}
 o - a potion of flight {unknown}


   Skills:
 + Level 3.4 Fighting
 + Level 3.0 Maces & Flails
 + Level 3.2 Dodging
 + Level 0.1 Stealth
 + Level 3.6 Shields


You had 4 spell levels left.
You didn't know any spells.
Your spell library contained the following spells:

 Spells                   Type           Power      Damage    Failure   Level
 Necrotise                Necr           0%         1d4       80%         1
 Sting                    Tmut/Pois      0%         1d3       80%         1
 Poisonous Vapours        Pois/Air       0%         N/A       90%         2
 Static Discharge         Conj/Air       0%         3-3/arc   90%         2
 Frozen Ramparts          Ice            0%         1d1       99%         3
 Gell's Gravitas          Tloc           0%         N/A       99%         3
 Ozocubu's Armour         Ice            0%         N/A       99%         3
 Teleport Other           Tloc           0%         N/A       99%         3
 Vampiric Draining        Necr           0%         2d6       99%         3
 Ice Form                 Ice/Tmut       0%         N/A       100%        4
 Olgreb's Toxic Radiance  Pois           0%         N/A       100%        4
 Summon Ice Beast         Ice/Summ       0%         N/A       100%        4
 Agony                    Necr           0%         N/A       100%        5
 Lightning Bolt           Conj/Air       0%         1d11      100%        5
 Metabolic Englaciation   Hex/Ice        0%         N/A       100%        5
 Dispersal                Tloc           0%         N/A       100%        6
 Simulacrum               Ice/Necr       0%         N/A       100%        6
 Maxwell's Capacitive Co  Air            0%         ∞         100%        8


Dungeon Overview and Level Annotations

Branches:
Dungeon (8/15)
 Temple: D:4-7         Lair: D:8-11

Altars:
Cheibriados
Fedhas
Uskayaw

Shops:
D:7 !

Annotations:
D:5 Grinder


Innate Abilities, Weirdness & Mutations

You are too large for most types of armour.
You have claws for hands.
Your natural rate of healing is unusually fast.
You are covered in fur. (AC +1)
You have tough skin. (AC +1)


Message History

The white imp attacks as you move away!
The white imp hits you but does no damage.
The iguana attacks as you move away! You block the iguana's attack.
Found a grey potion.
The white imp gestures at you. The puff of frost misses you.
Found a lumpy blue potion.
Found an escape hatch in the floor.
The iguana attacks as you move away! The iguana completely misses you.
A jelly comes into view.
Found a stone staircase leading up.
The white imp gestures at you. The puff of frost hits you!
Found a scroll of identify and a scroll labelled TATE OK ROCH.
Found Addetood's Distillery.
You block the jelly's attack. The jelly attacks as you move away!
You block the jelly's attack.
There is an escape hatch in the floor here.
The jelly hits you but does no damage. You block the iguana's attack.
You slide downwards.
The hatch slams shut behind you.
Found a sling.
You sock the iguana!
You kill the iguana!
The jelly closely misses you. The jelly hits you. The acid corrodes you!
You are splashed with acid!
* * * LOW HITPOINT WARNING * * *
You barely miss the jelly. You block the jelly's attack.
You hit the jelly.
Your claws burn!
* * * LOW HITPOINT WARNING * * *
The jelly is lightly wounded.
The jelly hits you.
* * * LOW HITPOINT WARNING * * *
The acid corrodes you!
You are splashed with acid!
* * * LOW HITPOINT WARNING * * *
You hit the jelly but do no damage.
Your claws burn!
* * * LOW HITPOINT WARNING * * *
The jelly is lightly wounded.
The jelly hits you.
* * * LOW HITPOINT WARNING * * *
You are splashed with acid!
You die...

#.... #....
#.... #....
#.... #....
#...†######
#...J@....#
##........#
#...)....#
#........#
##.....###
#.###.# ..
.# .## .#


You could see a jelly.

Vanquished Creatures
  2 iguanas
  7 gnolls
  A worm (D:4)
  2 dart slugs (D:1)
  5 orcs (D:4)
  8 ball pythons
  6 bats
  4 endoplasms
  5 giant cockroaches
  10 goblins
  7 hobgoblins
  4 jackals (D:2)
  3 quokkas
  3 frilled lizards
  10 kobolds
  5 rats
82 creatures vanquished.

Notes
Turn   | Place    | Note
-------+----------+-------------------------------------------
     0 | D:1      | ImASeal the Troll Fighter began the quest for the Orb.
     0 | D:1      | Reached XP level 1. HP: 22/22 MP: 0/0
    73 | D:1      | Reached XP level 2. HP: 28/29 MP: 1/1
   389 | D:1      | Reached XP level 3. HP: 36/36 MP: 2/2
  1134 | D:2      | Found a faded altar of an unknown god.
  1372 | D:3      | Reached XP level 4. HP: 26/44 MP: 3/3
  1686 | D:3      | Noticed a scorpion
  1883 | D:4      | Found a hide-covered altar of Uskayaw.
  1917 | D:4      | Reached XP level 5. HP: 40/53 MP: 4/4
  1948 | D:4      | Found a snail-covered altar of Cheibriados.
  2320 | D:4      | Found a blossoming altar of Fedhas.
  2571 | D:5      | Entered Level 5 of the Dungeon
  2571 | D:5      | Noticed Grinder
  2582 | D:4      | You fall into a shaft and drop 3 floors!
  2603 | D:7      | Found Addetood's Distillery.
  2611 | D:8      | HP: 1/53 [acid (2)]
  2611 | D:8      | Splashed by a jelly's acid

Illustrated notes

Levels and vault maps discovered:
D:1:      shiori_arrival_oz, layout_basic, hangedman_glass_teeth
D:2:      layout_basic, hellmonk_ecumenical_altar_heavens_door,
          corexii_hall_statues_l
D:3:      layout_rooms, chequers_serial_rivers_micro_d, lightli_corner_chamber
D:4:      layout_basic, slow_altar_1, lemuel_crystal_altar,
          nicolae_overflow_hidden_temple
D:5:      layout_cave_pools, uniq_duvessa, uniq_menkaure, uniq_grinder
D:7:      layout_rooms, nicolae_dithmenos_shadow_blocks,
          gammafunk_temple_overflow_claw, serial_shops, shop, shop_fountains,
          nicolae_ossuary_entry_catacombs, gammafunk_ghost_grave,
          minmay_misc_feat_secret_circle, nicolae_zen_rock_garden
D:8:      layout_basic, nzn_ghost_randoct, minmay_crystal_room,
          hangedman_abyss_or_decor_stabs

Skill      XL: |  1  2  3  4  5 |
---------------+----------------+-----
Maces & Flails | 2 3 |  3.0
Shields        | 3 |  3.6
Dodging        | 3 |  3.2
Fighting       | 3 |  3.4
Stealth        | |  0.1

Action                   |  1- 3 |  4- 6 || total
-------------------------+-------+-------++-------
Melee: Flail             |   185 |    97 ||   282
Throw: Stone             |       |     3 ||     3
  Use: Scroll            |       |     2 ||     2
 Stab: Sleeping          |     1 |       ||     1
Armor: Robe              |    86 |    29 ||   115
Dodge: Dodged            |    84 |    42 ||   126
Block: Kite shield       |   100 |    56 ||   156
